 Dungeon Crawl Stone Soup version 0.18.1-6-gd335043 (webtiles) character file.

29 Moloch the Chopper (level 3, 0/29 HPs)
             Began as a Demonspawn Fighter on May 15, 2016.
             Slain by an adder (1 damage)
             ... on level 2 of the Dungeon.
             The game lasted 00:02:01 (724 turns).

Moloch the Chopper (Demonspawn Fighter)              Turns: 724, Time: 00:02:03

Health: 0/29       AC:  7    Str: 22    XL:     3   Next: 1%
Magic:  2/2        EV:  7    Int:  9    God:
Gold:   28         SH:  9    Dex: 12    Spells: 0 memorised, 2 levels left

rFire  + . .     SeeInvis .     a - +0 war axe
rCold  . . .     Gourm    .     b - +0 scale mail
rNeg   . . .     Faith    .     c - +0 shield
rPois  .         Spirit   .     (no helmet)
rElec  .         Dismiss  .     g - +0 cloak
rCorr  .         Reflect  .     (no gloves)
SustAt .         Harm     .     (no boots)
MR     .....                    (no amulet)
Stlth  ..........               (no ring)
                                (no ring)

@: mighty, lethally poisoned (0 -> -11), not resistant to hostile enchantments,
extremely unstealthy
A: fire resistance 1, low mp 1, powered by death 1, slow regeneration 1
a: no special abilities


You were on level 2 of the Dungeon.
You were not hungry.

You visited 1 branch of the dungeon, and saw 2 of its levels.

You collected 28 gold pieces.

Inventory:

Hand Weapons
 a - a +0 war axe (weapon)
Missiles
 j - 21 stones (quivered)
Armour
 b - a +0 scale mail (worn)
 c - a +0 shield (worn)
 g - a +0 cloak (worn)
Wands
 q - a wand of iceblast (9/15)
Scrolls
 e - a scroll of magic mapping {unknown}
 h - a scroll of remove curse {unknown}
 n - a scroll of fog {unknown}
 o - a scroll of random uselessness {unknown}
 p - a scroll of enchant armour {unknown}
 r - a scroll of teleportation {unknown}
Comestibles
 f - a bread ration
 i - a chunk of flesh
 k - a slice of pizza
 m - 2 meat rations


   Skills:
 - Level 3.0 Fighting
 + Level 3.1 Axes
 - Level 2.6 Armour
 - Level 2.6 Shields


You had 2 spell levels left.
You didn't know any spells.

Dungeon Overview and Level Annotations

Branches:
Dungeon (2/15)

Altars:


Innate Abilities, Weirdness & Mutations

You regenerate a little health from kills.
Your flesh is heat resistant.
Your magical capacity is low (-10% MP).
You regenerate slowly when monsters are visible.


Message History

Drink which item? (? for menu, Esc to quit)
You feel very mighty all of a sudden. The adder bites you but does no damage.
You slash the adder!
The adder is severely wounded.
You feel sick. The adder bites you but does no damage.
The adder barely misses you.
You barely miss the adder.
The adder is severely wounded.
The adder bites you but does no damage. The adder bites you.
* * * LOW HITPOINT WARNING * * *
You are lethally poisoned!
The adder poisons you!
You miss the adder.
The adder is severely wounded.
* * * LOW HITPOINT WARNING * * *
You feel sick. The adder bites you.
* * * LOW HITPOINT WARNING * * *
The adder bites you.
You die...

..#.....#
#.#.....#
#.#.....#
#.'.....#
#.#....## #.#....#
########>#.......
.......#)######..
......S@......+...
#........###### ..
#.)........
#.......###..
#.......# ##
#......$#
#........
#########


You could see an adder.

Vanquished Creatures
  2 dart slugs (D:1)
  A ball python (D:1)
  4 bats (D:1)
  A giant cockroach (D:1)
  4 hobgoblins
  3 jackals (D:1)
  4 kobolds
  3 rats (D:1)
22 creatures vanquished.

Notes
Turn   | Place    | Note
--------------------------------------------------------------
     0 | D:1      | Moloch the Demonspawn Fighter began the quest for the Orb.
     0 | D:1      | Reached XP level 1. HP: 18/18 MP: 1/1
   149 | D:1      | Gained mutation: You regenerate a little health from kills. [demonic ancestry]
   149 | D:1      | Reached XP level 2. HP: 23/24 MP: 2/2
   697 | D:2      | Reached XP level 3. HP: 28/29 MP: 3/3
   720 | D:2      | Gained mutation: You regenerate slowly when monsters are visible. [potion of mutation]
   720 | D:2      | Gained mutation: Your flesh is heat resistant. [potion of mutation]
   720 | D:2      | Gained mutation: Your magical capacity is low (-10% MP). [potion of mutation]
   724 | D:2      | HP: 1/29 [adder (4)]
   724 | D:2      | Slain by an adder

Skill      XL: |  1  2 |
---------------+-------+-----
Axes           | 2 3 |  3.1
Fighting       | |  3.0
Armour         | |  2.6
Shields        | |  2.6

Action                   || total
-------------------------++-------
Melee: War axe           ||    90
  Use: Potion            ||     2
Armor: Scale mail        ||    54
Dodge: Dodged            ||    23
Block: Shield            ||    58
